 Dungeon Crawl Stone Soup version 0.27-b1-16-g6517624069 (webtiles) character file.

Game seed: 15160560207653281616

7256 ZARRMARR the Carver (level 10, -11/90 HPs)
             Began as a Minotaur Monk on July 26, 2021.
             Was a Priest of Wu Jian.
             Mangled by an orc warrior (12 damage)
             ... in a bailey.
             The game lasted 01:32:27 (9267 turns).

ZARRMARR the Carver (Minotaur Monk)                 Turns: 9267, Time: 01:32:27

Health: -11/90     AC: 15    Str: 19    XL:     10   Next: 88%
Magic:  10/10      EV: 16    Int:  7    God:    Wu Jian [***...]
Gold:   308        SH:  0    Dex: 16    Spells: 9/11 levels left

rFire    . . .     SeeInvis +   b - +4 long sword of Dupuif {freeze, *Slow rC++ Dex+3 SInv}
rCold    + + .     Faith    .   (no shield)
rNeg     . . .     Spirit   .   i - +0 plate armour
rPois    .         Reflect  .   (helmet restricted)
rElec    .         Harm     .   C - +0 cloak
rCorr    .         Rampage  .   (no gloves)
Will     .....                  (no boots)
Stlth    ..........             (no amulet)
HPRegen  0.25/turn              g - +4 ring of evasion
MPRegen  0.12/turn              D - +4 ring of evasion

@: mighty, very slightly contaminated, invisible
A: horns 2, retaliatory headbutt, subdued magic 1
a: Renounce Religion, Wall Jump, Serpent's Lash


You were in a bailey.
You worshipped Wu Jian.
Wu Jian was most pleased with you.
You visited 1 branch of the dungeon, and saw 8 of its levels.
You also visited: Ossuary and Bailey.

You collected 360 gold pieces.
You spent 52 gold pieces at shops.

Inventory:

Hand Weapons
 b - the +4 long sword of Dupuif (weapon) {freeze, *Slow rC++ Dex+3 SInv}
   (You found it on level 5 of the Dungeon)

   It freezes those it strikes, dealing additional cold damage.
   It can also slow down cold-blooded creatures.
   Dex:       It affects your dexterity (+3).
   rC:        It greatly protects you from cold.
   SInv:      It lets you see invisible.
   *Slow:     It may slow you when you take damage.
 k - a +4 great mace
 o - a +5 hand axe
 K - a +4 quarterstaff of chaos
Missiles
 d - 58 arrows
 f - 273 stones
 v - 50 bolts
 x - 49 sling bullets
 M - 11 poisoned darts
 N - 2 silver boomerangs (quivered)
 P - 3 boomerangs
Armour
 i - a +0 plate armour (worn)
 p - a +1 chain mail of cold resistance
 C - a +0 cloak (worn)
 H - a +1 leather armour of cold resistance
 O - the +2 robe of Berynid {rN+ Regen+ MP+9 Dex-2}
   (You found it on level 7 of the Dungeon)

   Dex:       It affects your dexterity (-2).
   rN:        It protects you from negative energy.
   MP:        It affects your magic capacity (+9).
   Regen:     It increases your rate of health regeneration.
Magical Staves
 e - a staff of poison
 u - a staff of earth
 F - a staff of death
Jewellery
 g - a +4 ring of evasion (left hand)
 D - a +4 ring of evasion (right hand)
 J - a ring of see invisible
Wands
 w - a wand of flame (53)
Scrolls
 a - a scroll of noise {unknown}
 s - 6 scrolls of teleportation
 t - a scroll of blinking
 y - a scroll of enchant weapon
 z - a scroll of enchant armour
 B - a scroll of amnesia
 R - a scroll of magic mapping
Potions
 c - 4 potions of curing
 h - 4 potions of brilliance
 m - a potion of resistance
 n - 3 potions of mutation
 q - a potion of might
 r - 5 potions of flight
 A - 2 potions of heal wounds {unknown}
 E - a potion of degeneration {unknown}
 G - 2 potions of ambrosia {unknown}
 I - a potion of berserk rage {unknown}
 Q - a potion of attraction {unknown}


   Skills:
 + Level 8.6 Fighting
 + Level 9.6 Long Blades
 - Level 7.8 Maces & Flails
 + Level 3.6 Polearms
 + Level 5.3 Bows
 + Level 4.5 Throwing
 + Level 8.8 Armour
 + Level 5.1 Dodging
 + Level 3.7 Stealth
 + Level 1.0 Spellcasting
 + Level 0.6 Earth Magic
 + Level 2.6 Evocations


You had 9 spell levels left.
You knew the following spells:

 Your Spells              Type           Power      Damage    Failure   Level
a - Passwall              Tmut/Erth      0%         N/A       100%        2

Your spell library contained the following spells:

 Spells                   Type           Power      Damage    Failure   Level
 Sandblast                Erth           2%         2d4       99%         1
 Call Canine Familiar     Summ           0%         N/A       100%        3
 Portal Projectile        Hex/Tloc       0%         N/A       100%        3
 Leda's Liquefaction      Hex/Erth       0%         N/A       100%        4
 Lee's Rapid Deconstruct  Erth           0%         3d5*      100%        5


Dungeon Overview and Level Annotations

Branches:
Dungeon (8/15)             Temple (0/1) D:6            Lair (0/6) D:8
Ossuary (visited)          Bailey (1/1)

Altars:
Elyvilon
Gozag
Makhleb
Nemelex Xobeh
Ru
Sif Muna
Uskayaw
Vehumet
Wu Jian
Xom
Zin

Shops:
D:5 (   D:7 *


Innate Abilities, Weirdness & Mutations

You have a pair of horns on your head.
You reflexively headbutt those who attack you in melee.
Your spells are a little easier to cast, but a little less powerful.


Message History

Aim: an orc warrior, wielding a +0 halberd and wearing a +0 scale mail (severely wounded, 59% to hit)
You throw a silver boomerang.
The silver boomerang closely misses the orc warrior.
The orc warrior barely misses you.
The orc warrior hits you but does no damage.
Throw: 2 boomerangs (silver)
Press: ? - help, Q - select action, (/) - cycle Shift-Dir - straight line, f/p - orc warrior
Aim: an orc warrior, wielding a +0 halberd and wearing a +0 scale mail (severely wounded, 60% to hit)
Okay, then.
An orc warrior and an orc knight come into view.
The orc knight shouts!
The orc warrior barely misses you. You furiously retaliate!
You headbutt the orc warrior, but do no damage.
The orc warrior completely misses you.
Found a gate leading back out of this place.
You barely miss the orc warrior. Your headbutt misses the orc warrior.
The orc knight roars a battlecry!
The orcs go into a battle-frenzy!
The orc warrior hits you with a +0 halberd!!
The orc warrior hits you from afar with a +0 halberd.
You hit the orc warrior but do no damage.
You headbutt the orc warrior!
The orc warrior is moderately wounded.
The orc warrior closely misses you. The orc warrior barely misses you.
You completely miss the orc warrior. Your headbutt misses the orc warrior.
The orc warrior is moderately wounded.
The orc warrior hits you with a +0 halberd!
The orc warrior hits you from afar with a +0 halberd!!
* * * LOW HITPOINT WARNING * * *
An orc warrior comes into view. It is wielding a +0 arbalest.
You fade into invisibility!
The orc warrior closely misses you.
The orc warrior hits you from afar with a +0 halberd!!
* * * LOW HITPOINT WARNING * * *
The orc warrior shoots a bolt.
The bolt closely misses you.
You are very lightly contaminated with residual magic.
It was a potion of might.
You feel very mighty all of a sudden.
The orc warrior hits you with a +0 halberd!
You die...

## #### ##∩##
#####
..o.##...##.....
≈≈≈..#...#..≈≈≈.
≈o≈≈.......≈≈o≈≈
oo≈.......≈oo.≈
o≈≈.......≈≈o≈≈
#.oo# #.∩@#
##∩## ###


You could see 6 orc warriors.

Vanquished Creatures
  The ghost of JBAR the Ruffian, a novice TrMo of Gozag (D:5)
  A water moccasin (D:5)
  2 sky beasts
  A black bear (D:5)
  A centaur (D:3)
  4 necrophages
  6 ogres
  2 phantoms
  An elf zombie (Ossuary)
  2 bullfrogs (D:6)
  A kobold brigand (D:7)
  A scorpion (D:6)
  A wyvern zombie (D:6)
  4 water moccasin skeletons
  3 wights (D:7)
  2 bullfrog zombies
  2 human zombies (Ossuary)
  A jelly (D:5)
  3 centaur zombies
  4 hounds
  Crazy Yiuf (D:6)
  2 centaur skeletons (D:7)
  3 orc priests
  A bullfrog skeleton (D:7)
  Ijyb (D:3)
  3 iguanas
  6 orc wizards
  Natasha (thrice) (D:2)
  A killer bee zombie (D:7)
  A hound skeleton (D:5)
  4 mummies (Ossuary)
  A howler monkey zombie (D:4)
  4 gnolls (D:5)
  4 adders
  An adder zombie (Ossuary)
  4 dart slugs
  14 orcs
  10 endoplasms
  4 giant cockroaches
  9 goblins
  7 hobgoblins
  7 jackals
  17 kobolds
  3 quokkas
  5 ball pythons
  12 bats
  6 frilled lizards
  A goblin zombie (Ossuary)
  4 kobold zombies (Ossuary)
  2 rats
  3 rat zombies (Ossuary)
187 creatures vanquished.

Vanquished Creatures (others)
  6 withered plants (D:7)
6 creatures vanquished.

Grand Total: 193 creatures vanquished

Notes
Turn   | Place    | Note
-------+----------+-------------------------------------------
     0 | D:1      | ZARRMARR the Minotaur Monk began the quest for the Orb.
     0 | D:1      | Reached XP level 1. HP: 19/19 MP: 0/0
   249 | D:1      | Reached XP level 2. HP: 21/27 MP: 1/1
   436 | D:1      | Found a faded altar of an unknown god.
   748 | D:1      | Reached XP level 3. HP: 33/33 MP: 2/2
  1491 | D:2      | Noticed Natasha
  1501 | D:2      | Killed Natasha
  1502 | D:2      | Reached XP level 4. HP: 29/41 MP: 3/3
  1585 | D:2      | Noticed Natasha
  1593 | D:2      | Killed Natasha
  1594 | D:2      | Reached skill level 5 in Maces & Flails
  1594 | D:2      | Reached skill level 1 in Throwing
  1676 | D:2      | Noticed Natasha
  1695 | D:2      | Killed Natasha
  1696 | D:2      | Reached skill level 1 in Armour
  1909 | D:2      | Reached XP level 5. HP: 42/47 MP: 4/4
  2094 | D:3      | Noticed a centaur
  2105 | D:3      | Killed a centaur
  2413 | D:3      | Found a radiant altar of Vehumet.
  2632 | D:3      | Noticed Ijyb
  2648 | D:3      | Killed Ijyb
  3017 | D:4      | Reached XP level 6. HP: 53/53 MP: 5/5
  3362 | D:4      | Reached skill level 5 in Fighting
  3422 | D:4      | Reached XP level 7. HP: 61/61 MP: 6/6
  3812 | D:4      | Reached skill level 1 in Bows
  4312 | D:5      | Entered Level 5 of the Dungeon
  4510 | D:5      | Found a shimmering blue altar of Sif Muna.
  4601 | D:5      | Found Zifreil's Weapon Shop.
  4651 | D:5      | Reached XP level 8. HP: 69/69 MP: 7/7
  4847 | D:5      | Identified the +4 long sword of Dupuif {freeze, *Slow rC++
                  | Dex+3 SInv}
  5121 | D:5      | Reached skill level 1 in Long Blades
  5123 | D:5      | Found a transporter.
  5142 | D:5      | Noticed JBAR's ghost (novice TrMo)
  5219 | D:5      | Found a transporter.
  5365 | D:6      | Reached skill level 2 in Long Blades
  5378 | D:6      | Reached skill level 5 in Armour
  5379 | D:6      | Found a white marble altar of Elyvilon.
  5482 | D:6      | Reached skill level 3 in Long Blades
  5487 | D:6      | Found a glowing silver altar of Zin.
  5502 | D:6      | Found an ornate altar of the Wu Jian Council.
  5511 | D:6      | Became a worshipper of the Wu Jian Council
  5511 | D:6      | Reached * piety under Wu Jian
  5511 | D:6      | Reached ** piety under Wu Jian
  5555 | D:6      | Reached skill level 5 in Bows
  5783 | D:6      | Found a shimmering altar of Xom.
  6034 | D:6      | Reached skill level 4 in Long Blades
  6039 | D:6      | Reached XP level 9. HP: 46/78 MP: 8/8
  6429 | D:6      | Found a runed translucent door.
  6430 | D:6      | Noticed Crazy Yiuf
  6435 | D:6      | Killed Crazy Yiuf
  6436 | D:6      | Reached skill level 5 in Long Blades
  7111 | D:5      | Killed JBAR's ghost
  7112 | D:5      | Reached skill level 6 in Long Blades
  7532 | D:6      | Learned a level 2 spell: Passwall
  7588 | D:6      | Found a staircase to the Ecumenical Temple.
  7606 | D:6      | Gained mutation: Your spells are a little easier to cast,
                  | but a little less powerful. [mutagenic glow]
  8023 | D:7      | Reached skill level 7 in Long Blades
  8155 | D:7      | Identified the +2 robe of Berynid {rN+ Regen+ MP+9 Dex-2}
  8179 | D:7      | Found Ryghian's General Store.
  8214 | D:7      | Bought a scroll of identify for 26 gold pieces
  8214 | D:7      | Bought a scroll of identify for 26 gold pieces
  8227 | D:7      | Found a sparkling altar of Nemelex Xobeh.
  8425 | D:7      | Reached skill level 1 in Spellcasting
  8566 | D:7      | Found a burning altar of Makhleb.
  8568 | D:7      | Noticed a green death
  8572 | D:7      | Noticed an orange demon
  8572 | D:7      | Noticed a hellwing
  8692 | D:7      | Found an opulent altar of Gozag.
  8898 | D:8      | Found a sand-covered staircase.
  8903 | Ossuary  | Entered an ossuary
  8927 | Ossuary  | Reached *** piety under Wu Jian
  9150 | Ossuary  | Reached skill level 9 in Long Blades
  9150 | Ossuary  | Reached skill level 5 in Dodging
  9150 | Ossuary  | Reached XP level 10. HP: 90/90 MP: 10/10
  9209 | D:8      | Found a hide-covered altar of Uskayaw.
  9210 | D:8      | Found a sacrificial altar of Ru.
  9237 | D:8      | Found a flagged portal.
  9254 | Bailey   | Entered a bailey
  9261 | Bailey   | Noticed an orc knight
  9265 | Bailey   | HP: 1/90 [orc warrior (26)]
  9267 | Bailey   | Mangled by an orc warrior

Illustrated notes

Levels and vault maps discovered:
D:1:      co_arrival_random_square_maze, layout_loops_ring,
          hellmonk_ecumenical_altar_pennies_from_heaven,
          minmay_indecisive_spiral
D:2:      layout_rooms, uniq_natasha
D:3:      layout_loops_ring, mainiacjoe_overflow_paths, uniq_ijyb
D:4:      layout_gridville, chequers_serial_rivers_micro_b, patterned_corridor
D:5:      layout_basic, nicolae_overflow_crystal_walls, gammafunk_ghost_smash,
          nicolae_inconvenience_store, hex_tiny
D:6:      layout_cave_pods, xom_teletrap_fun, mainiacjoe_overflow_catwalk,
          mainiacjoe_overflow_big_doors, minmay_temple_entry_from_below_b,
          uniq_crazy_yiuf_cottage
D:7:      layout_loops_ring, makhleb_altar_promises_db,
          nemelex_diamond_rough_becter, grunt_gozag_breadcrumbs, serial_shops,
          shop, serial_undead, serial_undead_f, serial_undead_d,
          serial_undead_c, serial_undead_f
D:8:      layout_cave_pods, old_standard_altar, lemuel_round_altar,
          mainiacjoe_overflow_alcove_2,
          chequers_temple_overflow_statue_of_worship,
          grunt_lair_entry_orc_guard_hut, enter_bailey_3, serial_shops,
          nicolae_shop_waterfront, shop, shop, nicolae_shop_waterfront,
          nicolae_shop_waterfront, enter_ossuary_2, uniq_joseph, uniq_erica
Bailey:   bailey_polearm_4, bailey

Skill      XL: |  1  2  3  4  5  6  7  8  9 |
---------------+----------------------------+-----
Maces & Flails | 4 5 6 7 |  7.8
Fighting       | 4 5 6 8 |  8.6
Stealth        | 2 3 |  3.7
Throwing       | 1 2 3 4 |  4.5
Armour         | 1 2 3 4 5 8 |  8.8
Bows           | 3 5 |  5.3
Long Blades    | 4 9 |  9.6
Spellcasting   | 1 |  1.0
Polearms       | 3 |  3.6
Dodging        | 5 |  5.1
Evocations     | 2 |  2.6
Earth Magic    | |  0.6

Action                   |  1- 3 |  4- 6 |  7- 9 | 10-12 || total
-------------------------+-------+-------+-------+-------++-------
Melee: Mace              |    74 |    28 |       |       ||   102
       Headbutt          |    12 |    21 |    73 |     2 ||   108
       Whip              |       |    68 |    79 |       ||   147
       Long sword        |       |       |   185 |    13 ||   198
 Fire: Shortbow          |       |    14 |    51 |       ||    65
Throw: Stone             |    21 |     4 |     2 |       ||    27
       Boomerang         |    21 |    42 |     5 |     5 ||    73
Invok: Whirlwind         |       |       |    20 |     3 ||    23
       Lunge             |       |       |     9 |     1 ||    10
 Abil: Wall Jump         |       |       |     2 |       ||     2
  Use: Scroll            |     4 |     2 |    10 |       ||    16
       Potion            |       |       |     1 |     2 ||     3
 Stab: Sleeping          |     1 |       |       |       ||     1
Armor: Robe              |     4 |       |       |       ||     4
       Plate armour      |    29 |    41 |    80 |     6 ||   156
Dodge: Dodged            |    42 |    41 |   171 |    28 ||   282
       Rpst.: Long sword |       |       |    35 |     2 ||    37
